TOP OF THE 1ST |
Florida State University Seminoles batting - Pitching for University of Conneticut Huskies : RHP Miguel Ramos
|
Pitching: RHP Miguel Ramos
|
|
Batting: SHB Alex Noval
|
0-0: Called Strike 0-1: Ground out 5-3 (Groundball, 5, EV 89.4 MPH)
|
Batting: LHB Dong-u Chang
|
0-0: Called Strike 0-1: Fly out, F6 (Flyball, 56D, EV 83.8 MPH)
|
Batting: RHB Lupe Barrera
|
0-0: Ball 1-0: Swinging Strike 1-1: Ball 2-1: Ball 3-1: Base on Balls
|
Batting: RHB Manny Hensley
|
0-0: Foul Ball, location: 2F 0-1: Ball 1-1: Ball 2-1: Ground out 4-3 (Groundball, 4, EV 85.6 MPH)
|
Top of the 1st over - 0 runs, 0 hits, 0 errors, 1 left on base; Florida State University 0 - University of Conneticut 0 |
BOTTOM OF THE 1ST |
University of Conneticut Huskies batting - Pitching for Florida State University Seminoles : RHP Heraclio Sosa
|
Pitching: RHP Heraclio Sosa
|
|
Batting: LHB George Roben
|
0-0: Ball 1-0: Ball 2-0: Foul Ball, location: 2F 2-1: Ground out U3 (Groundball, 34, EV 83.8 MPH)
|
Batting: RHB Chris Bejarano
|
0-0: Foul Ball, location: 2F 0-1: Swinging Strike 0-2: Strikes out swinging
|
Batting: RHB Bill Stern
|
0-0: Ball 1-0: Ball 2-0: Ball 3-0: Called Strike 3-1: Foul Ball, location: 2F 3-2: Strikes out swinging
|
Bottom of the 1st over - 0 runs, 0 hits, 0 errors, 0 left on base; Florida State University 0 - University of Conneticut 0 |
TOP OF THE 2ND |
Florida State University Seminoles batting - Pitching for University of Conneticut Huskies : RHP Miguel Ramos
|
Batting: LHB Raul Maldonado
|
0-0: SINGLE (Groundball, 4D, EV 96.9 MPH)
|
Batting: SHB Ed Mosqueda
|
0-0: Ball 1-0: Called Strike 1-1: Ball 2-1: Ball 3-1: Base on Balls Raul Maldonado to second
|
Batting: RHB Jeremy Buck
|
0-0: Ball 1-0: Ball 2-0: Fly out, F9 (Flyball, 9, EV 90.6 MPH)
|
Batting: RHB Israel Quinteros
|
0-0: Ball 1-0: Ball 2-0: Ball 3-0: Base on Balls Raul Maldonado to third Ed Mosqueda to second
|
Batting: RHB Ken Yeadon
|
0-0: Ball 1-0: Grounds into double play, 6-4-3 (Groundball, 6, EV 96.3 MPH)
|
Top of the 2nd over - 0 runs, 1 hit, 0 errors, 2 left on base; Florida State University 0 - University of Conneticut 0 |
BOTTOM OF THE 2ND |
University of Conneticut Huskies batting - Pitching for Florida State University Seminoles : RHP Heraclio Sosa
|
Batting: LHB Bill Kovac
|
0-0: Ball 1-0: Fly out, F8 (Flyball, 78M, EV 88.1 MPH)
|
Batting: RHB Hector Barajas
|
0-0: Foul Ball, location: 2F 0-1: Ball 1-1: Ball 2-1: Ball 3-1: Called Strike 3-2: SINGLE (Flyball, 6MD, EV 90.6 MPH)
|
Batting: RHB Edwin Bejarano
|
0-0: Swinging Strike 0-1: Ball 1-1: Fielders Choice at 2nd, 5-4 (Groundball, 25, EV 92.5 MPH)
|
Batting: RHB Paul Lenglet
|
0-0: Ball 1-0: Foul Ball, location: 2F 1-1: Swinging Strike 1-2: Ball 2-2: Ball 3-2: Foul Ball, location: 2F 3-2: Base on Balls Edwin Bejarano to second
|
Batting: LHB Fumito Sakurai
|
0-0: Ball 1-0: Ball 2-0: Called Strike 2-1: Ball 3-1: Fly out, F7 (Flyball, 7S, EV 89.4 MPH)
|
Bottom of the 2nd over - 0 runs, 1 hit, 0 errors, 2 left on base; Florida State University 0 - University of Conneticut 0 |
TOP OF THE 3RD |
Florida State University Seminoles batting - Pitching for University of Conneticut Huskies : RHP Miguel Ramos
|
Batting: SHB Alex Noval
|
0-0: Swinging Strike 0-1: DOUBLE (Line Drive, 89M, EV 96.3 MPH)
|
Batting: LHB Dong-u Chang
|
0-0: Called Strike 0-1: Foul Ball, location: 2F 0-2: Foul Ball, location: 2F 0-2: Ground out 6-3 (Groundball, 6, EV 93.8 MPH)
|
Batting: RHB Lupe Barrera
|
0-0: Ball 1-0: Foul Ball, location: 2F 1-1: Foul Ball, location: 2F 1-2: Foul Ball, location: 2F 1-2: Ball 2-2: Ball 3-2: Reached on error, E5 (Groundball, 56, EV 83.1 MPH) Alex Noval to third
|
Batting: RHB Manny Hensley
|
0-0: Ball 1-0: Ball 2-0: Fly out, F9 (Flyball, 9S, EV 83.1 MPH)
|
Batting: LHB Raul Maldonado
|
Pickoff Throw to First - Out! 1-3
|
Top of the 3rd over - 0 runs, 1 hit, 1 error, 1 left on base; Florida State University 0 - University of Conneticut 0 |
BOTTOM OF THE 3RD |
University of Conneticut Huskies batting - Pitching for Florida State University Seminoles : RHP Heraclio Sosa
|
Batting: RHB Devon House
|
0-0: Ball 1-0: Ball 2-0: Foul Ball, location: 2F 2-1: Ball 3-1: Swinging Strike 3-2: Strikes out looking
|
Batting: LHB George Roben
|
0-0: Ball 1-0: Swinging Strike 1-1: Ball 2-1: Ball 3-1: Fly out, F9 (Flyball, 89XD, EV 88.1 MPH)
|
Batting: RHB Chris Bejarano
|
0-0: Ball 1-0: Ball 2-0: Ball 3-0: Base on Balls
|
Batting: RHB Bill Stern
|
0-0: Called Strike 0-1: Ball Chris Bejarano steals 2nd base 1-1: Foul Ball, location: 2F 1-2: Ball 2-2: Strikes out swinging
|
Bottom of the 3rd over - 0 runs, 0 hits, 0 errors, 1 left on base; Florida State University 0 - University of Conneticut 0 |
TOP OF THE 4TH |
Florida State University Seminoles batting - Pitching for University of Conneticut Huskies : RHP Miguel Ramos
|
Batting: LHB Raul Maldonado
|
0-0: Foul Ball, location: 2F 0-1: Ball 1-1: Swinging Strike 1-2: Ball 2-2: Ball 3-2: Base on Balls
|
Batting: SHB Ed Mosqueda
|
0-0: Ball Raul Maldonado steals 2nd base 1-0: Foul Ball, location: 2F 1-1: Ball 2-1: Foul Ball, location: 2F 2-2: Foul Ball, location: 2F 2-2: Foul Ball, location: 2F 2-2: DOUBLE (Groundball, 5L, EV 111.9 MPH) Raul Maldonado scores
|
Batting: RHB Jeremy Buck
|
0-0: Fly out, F7 (Flyball, 78M, EV 76.9 MPH)
|
Batting: RHB Israel Quinteros
|
0-0: SINGLE (Flyball, 3D, EV 100.6 MPH) Ed Mosqueda to third
|
Batting: RHB Ken Yeadon
|
0-0: Ball 1-0: Called Strike 1-1: Grounds into double play, 6-4-3 (Groundball, 6, EV 105.6 MPH)
|
Top of the 4th over - 1 run, 2 hits, 0 errors, 1 left on base; Florida State University 1 - University of Conneticut 0 |
BOTTOM OF THE 4TH |
University of Conneticut Huskies batting - Pitching for Florida State University Seminoles : RHP Heraclio Sosa
|
Batting: LHB Bill Kovac
|
0-0: Ball 1-0: Swinging Strike 1-1: Foul Ball, location: 2F 1-2: Strikes out looking
|
Batting: RHB Hector Barajas
|
0-0: Ball 1-0: Ball 2-0: Swinging Strike 2-1: Foul Ball, location: 2F 2-2: Strikes out swinging
|
Batting: RHB Edwin Bejarano
|
0-0: SINGLE (Groundball, 25, EV 69.4 MPH) (infield hit)
|
Batting: RHB Paul Lenglet
|
0-0: Ball 1-0: Foul Ball, location: 2F 1-1: Foul Ball, location: 2F 1-2: Foul Ball, location: 2F 1-2: Ground out 6-3 (Groundball, 4M, EV 83.1 MPH)
|
Bottom of the 4th over - 0 runs, 1 hit, 0 errors, 1 left on base; Florida State University 1 - University of Conneticut 0 |
TOP OF THE 5TH |
Florida State University Seminoles batting - Pitching for University of Conneticut Huskies : RHP Miguel Ramos
|
Batting: SHB Alex Noval
|
0-0: Fly out, F6 (Popup, 6MD, EV 57.5 MPH)
|
Batting: LHB Dong-u Chang
|
0-0: Ball 1-0: Called Strike 1-1: Ball 2-1: Ground out 5-3 (Groundball, 56, EV 90.0 MPH)
|
Batting: RHB Lupe Barrera
|
0-0: Ball 1-0: Ball 2-0: Foul Ball, location: 2F 2-1: Foul Ball, location: 2F 2-2: Foul Ball, location: 2F 2-2: Ball 3-2: Foul Ball, location: 2F 3-2: Foul Ball, location: 2F 3-2: Fly out, F4 (Popup, 4, EV 63.8 MPH)
|
Top of the 5th over - 0 runs, 0 hits, 0 errors, 0 left on base; Florida State University 1 - University of Conneticut 0 |
BOTTOM OF THE 5TH |
University of Conneticut Huskies batting - Pitching for Florida State University Seminoles : RHP Heraclio Sosa
|
Batting: LHB Fumito Sakurai
|
0-0: Ground out 5-3 (Groundball, 5L, EV 83.8 MPH)
|
Batting: RHB Devon House
|
0-0: Ground out 4-3 (Groundball, 34, EV 83.8 MPH)
|
Batting: LHB George Roben
|
0-0: Ball 1-0: Ball 2-0: Called Strike 2-1: Called Strike 2-2: Ball 3-2: Foul Ball, location: 2F 3-2: Strikes out swinging
|
Bottom of the 5th over - 0 runs, 0 hits, 0 errors, 0 left on base; Florida State University 1 - University of Conneticut 0 |
TOP OF THE 6TH |
Florida State University Seminoles batting - Pitching for University of Conneticut Huskies : RHP Miguel Ramos
|
Batting: RHB Manny Hensley
|
0-0: Ball 1-0: Ball 2-0: Called Strike 2-1: Foul Ball, location: 2F 2-2: Foul Ball, location: 2F 2-2: Ball 3-2: Foul Ball, location: 2F 3-2: Reached on error, E6 (Groundball, 6S, EV 78.1 MPH)
|
Batting: LHB Raul Maldonado
|
0-0: Intentional Walk
|
Batting: SHB Ed Mosqueda
|
0-0: Fielders Choice at 2nd, 6-4 (Groundball, 6, EV 98.1 MPH) Manny Hensley to third
|
Batting: RHB Jeremy Buck
|
0-0: Ball 1-0: Swinging Strike 1-1: Foul Ball, location: 2F 1-2: Ball 2-2: Strikes out swinging
|
Batting: RHB Israel Quinteros
|
0-0: Called Strike 0-1: Swinging Strike 0-2: Strikes out looking
|
Top of the 6th over - 0 runs, 0 hits, 1 error, 2 left on base; Florida State University 1 - University of Conneticut 0 |
BOTTOM OF THE 6TH |
University of Conneticut Huskies batting - Pitching for Florida State University Seminoles : RHP Heraclio Sosa
|
Batting: RHB Chris Bejarano
|
0-0: Called Strike 0-1: Foul Ball, location: 2F 0-2: SINGLE (Line Drive, 89M, EV 98.8 MPH)
|
Batting: RHB Bill Stern
|
0-0: Ball 1-0: Foul Ball, location: 2F 1-1: Foul Ball, location: 2F 1-2: Ball 2-2: Fly out, F7 (Flyball, 7, EV 88.1 MPH)
|
Pinch Hitting: RHB Vinny Torres
|
0-0: Ball 1-0: Ball 2-0: Fly out, F8 (Flyball, 78XD, EV 82.5 MPH) Runner from 1st tags up, SAFE at 2nd
|
Batting: RHB Hector Barajas
|
0-0: Swinging Strike 0-1: Foul Ball, location: 2F 0-2: Ball 1-2: Strikes out swinging
|
Bottom of the 6th over - 0 runs, 1 hit, 0 errors, 1 left on base; Florida State University 1 - University of Conneticut 0 |
TOP OF THE 7TH |
Florida State University Seminoles batting - Pitching for University of Conneticut Huskies : RHP Miguel Ramos
|
Now in LF: Vinny Torres
|
|
Batting: RHB Ken Yeadon
|
0-0: Fly out, F8 (Line Drive, 8RD, EV 88.8 MPH)
|
Batting: SHB Alex Noval
|
0-0: Ball 1-0: Ball 2-0: Foul Ball, location: 2F 2-1: Swinging Strike 2-2: Ground out U3 (Groundball, 3L, EV 106.3 MPH)
|
Batting: LHB Dong-u Chang
|
0-0: Ball 1-0: Called Strike 1-1: Swinging Strike 1-2: Ball 2-2: Strikes out swinging
|
Top of the 7th over - 0 runs, 0 hits, 0 errors, 0 left on base; Florida State University 1 - University of Conneticut 0 |
BOTTOM OF THE 7TH |
University of Conneticut Huskies batting - Pitching for Florida State University Seminoles : RHP Heraclio Sosa
|
Pitching: RHP Bill Couch
|
|
Pinch Hitting: LHB Jim Upson
|
0-0: Ball 1-0: Swinging Strike 1-1: Foul Ball, location: 2F 1-2: Ball 2-2: Strikes out swinging
|
Batting: RHB Paul Lenglet
|
0-0: Called Strike 0-1: Ball 1-1: Ball 2-1: Foul Ball, location: 2F 2-2: Strikes out looking
|
Pinch Hitting: RHB Jorge Dominguez
|
0-0: Ball 1-0: Ball 2-0: Called Strike 2-1: SINGLE (Groundball, 25, EV 61.3 MPH) (infield hit)
|
Pinch Hitting: RHB Manuel Taveras
|
0-0: Swinging Strike 0-1: Foul Ball, location: 2F 0-2: Ball 1-2: Ball 2-2: Ball 3-2: Foul Ball, location: 2F 3-2: SINGLE (Line Drive, 7S, EV 94.4 MPH) Jorge Dominguez to second Jorge Dominguez to third
|
Batting: LHB George Roben
|
Pickoff Throw to First - Error! E1 Jorge Dominguez scores Manuel Taveras to second 0-0: Swinging Strike 0-1: Ball 1-1: Ball 2-1: Called Strike 2-2: Foul Ball, location: 2F 2-2: Ball 3-2: Strikes out swinging
|
Bottom of the 7th over - 1 run, 2 hits, 1 error, 1 left on base; Florida State University 1 - University of Conneticut 1 |
TOP OF THE 8TH |
Florida State University Seminoles batting - Pitching for University of Conneticut Huskies : RHP Miguel Ramos
|
Pitching: RHP Kyle Storey
|
|
Now at 3B: Jim Upson
|
|
Now at SS: Jorge Dominguez
|
|
Now in RF: Brendan Garoutte
|
|
Batting: RHB Lupe Barrera
|
0-0: Ground out 6-3 (Groundball, 6M, EV 89.4 MPH)
|
Batting: RHB Manny Hensley
|
0-0: Ball 1-0: Ball 2-0: Ball 3-0: Base on Balls
|
Batting: LHB Raul Maldonado
|
0-0: Ball 1-0: Ball Wild Pitch! Manny Hensley to second 2-0: Intentional Walk
|
Pinch Hitting: SHB Nadhir Umayr
|
0-0: Bunt missed! 0-1: Bunted foul 0-2: Foul Ball, location: 2F 0-2: Ball 1-2: Ball 2-2: Reached on error, E6 (Groundball, 6, EV 100.0 MPH) Manny Hensley to third Raul Maldonado to second
|
Pinch Hitting: RHB Rafael Gil
|
0-0: SINGLE (Groundball, 34, EV 100.6 MPH) Manny Hensley scores Raul Maldonado to third Nadhir Umayr to second
|
Pinch Hitting: RHB Sal Guzman
|
0-0: Swinging Strike 0-1: Ball 1-1: Ball Passed Ball! Raul Maldonado scores Nadhir Umayr to third Rafael Gil to second 2-1: Intentional Walk
|
Batting: RHB Ken Yeadon
|
0-0: Ball 1-0: Foul Ball, location: 2F 1-1: Ball 2-1: Foul Ball, location: 2F 2-2: Foul Ball, location: 2F 2-2: Strikes out swinging
|
Batting: SHB Alex Noval
|
0-0: Ball 1-0: Foul Ball, location: 2F 1-1: Swinging Strike 1-2: Strikes out swinging
|
Top of the 8th over - 2 runs, 1 hit, 1 error, 3 left on base; Florida State University 3 - University of Conneticut 1 |
BOTTOM OF THE 8TH |
University of Conneticut Huskies batting - Pitching for Florida State University Seminoles : RHP Bill Couch
|
Pitching: RHP Bobby Altamirano
|
|
Now at 1B: Jai-guo Bian
|
|
Now at 3B: Joy-shan Li
|
|
Now in LF: Rafael Gil
|
|
Batting: RHB Chris Bejarano
|
0-0: Ball 1-0: SINGLE (Line Drive, 78S, EV 110.6 MPH)
|
Batting: RHB Bill Stern
|
0-0: Ball 1-0: Ball 2-0: Hit by Pitch Chris Bejarano to second
|
Batting: RHB Vinny Torres
|
0-0: Called Strike 0-1: Fielders Choice at 2nd, 3-6 (Groundball, 34S, EV 82.5 MPH) Chris Bejarano to third
|
Batting: RHB Hector Barajas
|
0-0: Ball 1-0: Called Strike 1-1: Ball 2-1: Swinging Strike 2-2: Foul Ball, location: 2F 2-2: Ball 3-2: Fly out, F7 (Flyball, 7S, EV 85.6 MPH)
|
Batting: LHB Jim Upson
|
0-0: Ball 1-0: Foul Ball, location: 2F 1-1: Ground out 4-3 (Groundball, 4, EV 86.3 MPH)
|
Bottom of the 8th over - 0 runs, 1 hit, 0 errors, 2 left on base; Florida State University 3 - University of Conneticut 1 |
TOP OF THE 9TH |
Florida State University Seminoles batting - Pitching for University of Conneticut Huskies : RHP Kyle Storey
|
Batting: LHB Dong-u Chang
|
0-0: Ball 1-0: Called Strike 1-1: Foul Ball, location: 2F 1-2: Ball 2-2: Strikes out swinging
|
Batting: RHB Lupe Barrera
|
0-0: Called Strike 0-1: Swinging Strike 0-2: Foul Ball, location: 2F 0-2: Strikes out looking
|
Batting: RHB Manny Hensley
|
0-0: Ground out 4-3 (Groundball, 4S, EV 80.0 MPH)
|
Top of the 9th over - 0 runs, 0 hits, 0 errors, 0 left on base; Florida State University 3 - University of Conneticut 1 |
BOTTOM OF THE 9TH |
University of Conneticut Huskies batting - Pitching for Florida State University Seminoles : RHP Bobby Altamirano
|
Pitching: RHP Brandon Isabell
|
|
Batting: RHB Paul Lenglet
|
0-0: SINGLE (Groundball, 34, EV 107.5 MPH)
|
Batting: RHB Jorge Dominguez
|
0-0: Ball 1-0: Ball 2-0: Fly out, F4 (Line Drive, 4, EV 73.1 MPH)
|
Pinch Hitting: RHB Juan Vasquez
|
0-0: Swinging Strike 0-1: Called Strike 0-2: Strikes out swinging
|
Batting: LHB George Roben
|
0-0: Swinging Strike 0-1: Called Strike 0-2: Ball 1-2: Foul Ball, location: 2F 1-2: Ball 2-2: Ball 3-2: Fly out, F8 (Flyball, 8LXD, EV 91.9 MPH)
|
Bottom of the 9th over - 0 runs, 1 hit, 0 errors, 1 left on base; Florida State University 3 - University of Conneticut 1 |
|